[ AOE2 MATCH · #473755953 ]
UnrankedTeutons vs Bohemians
Player's team · LOSS
[ REPLAY ANALYSIS · EXTRACTED FROM THE RECORDED GAME ]
Feudal
11:08
Castle
15:44
Imperial
40:48
| APM avg | 29.7 |
| APM peak | 67 |
| eAPM avg | 12.3 |
| Villagers / military | 72 / 75 |
Focus
⚔️ 30.4% · 🌾 69.6%
Knight ×26 · Spearman ×24 · Skirmisher ×12 · Monk ×6 · Scout Cavalry ×5 · Trebuchet (Packed) ×2
Feudal
9:06
Castle
25:09
Imperial
35:47
| APM avg | 49.9 |
| APM peak | 93 |
| eAPM avg | 22.6 |
| Villagers / military | 138 / 51 |
Focus
⚔️ 23.1% · 🌾 76.9%
Hussite Wagon ×36 · Trebuchet (Packed) ×5 · Militia ×4 · Monk ×2 · Mangonel ×2 · Spearman ×2
Feudal
9:13
Castle
23:18
Imperial
40:32
| APM avg | 64.5 |
| APM peak | 115 |
| eAPM avg | 22.9 |
| Villagers / military | 133 / 94 |
Focus
⚔️ 41.6% · 🌾 58.4%
Archer ×80 · Monk ×6 · Battering Ram ×5 · Trebuchet (Packed) ×3
Feudal
9:16
Castle
21:36
Imperial
37:57
| APM avg | 40.4 |
| APM peak | 69 |
| eAPM avg | 20.4 |
| Villagers / military | 118 / 85 |
Focus
⚔️ 38.4% · 🌾 61.6%
Archer ×68 · Trebuchet (Packed) ×6 · Spearman ×5 · Bombard Cannon ×3 · Mangonel ×2 · Battering Ram ×1
Feudal
9:32
Castle
22:49
Imperial
39:45
| APM avg | 38.2 |
| APM peak | 113 |
| eAPM avg | 18.6 |
| Villagers / military | 96 / 82 |
Focus
⚔️ 40.6% · 🌾 59.4%
Knight ×71 · Scout Cavalry ×11
Feudal
12:40
Castle
16:30
Imperial
39:55
| APM avg | 40.9 |
| APM peak | 74 |
| eAPM avg | 20.1 |
| Villagers / military | 167 / 97 |
Focus
⚔️ 28.6% · 🌾 71.4%
Cavalry Archer ×88 · Samurai ×3 · Mangonel ×3 · Trebuchet (Packed) ×2 · Knight ×1
Feudal
12:11
Castle
16:38
Imperial
37:14
| APM avg | 26.4 |
| APM peak | 95 |
| eAPM avg | 12.6 |
| Villagers / military | 87 / 24 |
Focus
⚔️ 34.0% · 🌾 66.0%
Cavalry Archer ×12 · Militia ×3 · Monk ×2 · Scorpion ×2 · Iron Pagoda ×2 · Spearman ×1
Feudal
8:35
Castle
18:20
Imperial
41:33
| APM avg | 46.1 |
| APM peak | 100 |
| eAPM avg | 21.0 |
| Villagers / military | 134 / 77 |
Focus
⚔️ 24.9% · 🌾 75.1%
Battle Elephant ×71 · Monk ×3 · Scout Cavalry ×3
Match map
Initial resources + every placement click. Lines = walls · curves = elevation contours. ◆ gold · ⬟ stone · ● berries · ✦ relic · ◌ wall gap
Your base· ✓ Closed at 15:44 · 16t walls · no gate
QNA | Apachai Hopachai's base· ✓ Closed at 25:09 · 18t walls · 4 gate(s)
WALLUP | debrijja's base· ✓ Closed at 23:18 · 4t walls · 1 gate(s)
GG LA LIFE KARIN's base· ✓ Closed at 21:36 · 17t walls · 2 gate(s)
WALLUP | Flimby16's base· Open — 1t gap
ValkriaN's base· ✓ Closed at 16:30 · 0t walls · 1 gate(s)
bullmeister's base· ✓ Closed at 16:38 · 9t walls · no gate
zhimao031003's base· ✓ Closed at 18:20 · 4t walls · 1 gate(s)
Smoothed initial terrain · ◌ = detected wall gap · hover for details
Inputs per minute
— [H] Sir Benedict - - QNA | Apachai Hopachai
Build order — [H] Sir Benedict
First 150 of 245 actions detected
| 0:01 | Create | Villager (Male) |
| 0:01 | Create | Villager (Male) |
| 0:01 | Create | Villager (Male) |
| 0:02 | Create | Villager (Male) |
| 0:04 | Build | House |
| 0:07 | Build | House |
| 1:26 | Create | Villager (Male) |
| 2:11 | Create | Villager (Male) |
| 2:42 | Create | Villager (Male) |
| 2:42 | Create | Villager (Male) |
| 2:42 | Create | Villager (Male) |
| 3:07 | Create | Villager (Male) |
| 3:12 | Build | Lumber Camp |
| 3:27 | Create | Villager (Male) |
| 4:04 | Create | Villager (Male) |
| 4:04 | Create | Villager (Male) |
| 4:04 | Create | Villager (Male) |
| 4:09 | Build | House |
| 4:23 | Create | Villager (Male) |
| 5:28 | Create | Villager (Male) |
| 5:46 | Create | Villager (Male) |
| 6:03 | Build | Mill |
| 6:25 | Build | House |
| 6:53 | Create | Villager (Male) |
| 6:56 | Create | Villager (Male) |
| 7:29 | Create | Villager (Male) |
| 7:49 | Build | House |
| 7:51 | Create | Villager (Male) |
| 8:12 | Build | Mining Camp |
| 8:15 | Create | Villager (Male) |
| 8:30 | Build | House |
| 8:39 | Research | Feudal Age |
| 8:50 | Build | Palisade Wall |
| 8:51 | Build | Palisade Wall |
| 8:53 | Build | Palisade Wall |
| 9:16 | Build | Palisade Wall |
| 9:22 | Build | Palisade Wall |
| 9:25 | Build | Palisade Wall |
| 9:30 | Build | Palisade Wall |
| 9:32 | Build | Palisade Wall |
| 9:35 | Build | Palisade Wall |
| 10:03 | Build | Farm |
| 10:05 | Build | Farm |
| 10:30 | Build | Barracks |
| 10:47 | Create | Villager (Male) |
| 10:47 | Create | Villager (Male) |
| 11:08 | Age | Feudal Age |
| 11:26 | Research | Loom |
| 11:34 | Build | Stable |
| 12:15 | Create | Villager (Male) |
| 12:23 | Build | Blacksmith |
| 12:28 | Build | Palisade Wall |
| 12:29 | Build | Palisade Wall |
| 12:30 | Build | Palisade Wall |
| 12:32 | Build | Palisade Wall |
| 12:33 | Build | Palisade Wall |
| 12:34 | Build | Palisade Wall |
| 12:35 | Build | Palisade Wall |
| 13:03 | Research | Double-Bit Axe |
| 13:04 | Research | Castle Age |
| 13:31 | Research | Horse Collar |
| 13:37 | Build | House |
| 13:38 | Build | House |
| 13:55 | Build | Farm |
| 13:58 | Build | Farm |
| 14:02 | Build | Farm |
| 14:21 | Build | Farm |
| 14:24 | Build | Farm |
| 14:34 | Build | Stable |
| 15:17 | Build | Watch Tower |
| 15:34 | Research | Bloodlines |
| 15:44 | Age | Castle Age |
| 15:48 | Create | Knight |
| 16:18 | Build | Farm |
| 16:20 | Build | Farm |
| 16:25 | Create | Villager (Male) |
| 16:36 | Build | Farm |
| 16:38 | Build | Farm |
| 16:43 | Build | Farm |
| 16:44 | Build | Farm |
| 16:47 | Create | Knight |
| 16:59 | Create | Knight |
| 17:09 | Build | Farm |
| 17:16 | Build | Farm |
| 17:19 | Build | Farm |
| 17:23 | Create | Knight |
| 18:06 | Research | Scale Barding Armor |
| 18:23 | Create | Knight |
| 18:24 | Create | Villager (Male) |
| 18:46 | Create | Villager (Male) |
| 18:46 | Create | Villager (Male) |
| 18:53 | Build | Monastery |
| 18:54 | Build | Farm |
| 19:38 | Create | Villager (Male) |
| 19:40 | Create | Knight |
| 19:40 | Create | Knight |
| 19:46 | Build | House |
| 19:47 | Build | House |
| 19:48 | Build | House |
| 19:57 | Research | Forging |
| 20:08 | Research | Bow Saw |
| 20:31 | Create | Monk |
| 20:31 | Create | Monk |
| 21:02 | Create | Villager (Male) |
| 21:03 | Create | Villager (Male) |
| 21:10 | Build | Farm |
| 21:11 | Build | Farm |
| 21:16 | Create | Knight |
| 21:16 | Create | Knight |
| 22:06 | Create | Knight |
| 22:06 | Create | Knight |
| 22:09 | Create | Villager (Male) |
| 22:09 | Create | Villager (Male) |
| 22:54 | Create | Villager (Male) |
| 22:54 | Create | Villager (Male) |
| 22:58 | Create | Knight |
| 22:59 | Create | Knight |
| 23:03 | Create | Monk |
| 23:25 | Create | Villager (Male) |
| 23:25 | Create | Villager (Male) |
| 23:26 | Create | Knight |
| 23:27 | Create | Knight |
| 23:46 | Build | Farm |
| 23:48 | Build | Farm |
| 23:52 | Create | Monk |
| 23:57 | Build | House |
| 24:01 | Build | House |
| 24:34 | Create | Monk |
| 24:37 | Create | Villager (Male) |
| 24:37 | Create | Villager (Male) |
| 24:41 | Research | Heavy Plow |
| 25:35 | Create | Monk |
| 25:41 | Create | Knight |
| 25:44 | Create | Knight |
| 25:44 | Create | Knight |
| 25:45 | Create | Villager (Male) |
| 25:45 | Create | Villager (Male) |
| 25:46 | Create | Villager (Male) |
| 25:48 | Build | Barracks |
| 25:55 | Build | Barracks |
| 25:59 | Build | Farm |
| 26:24 | Build | Mining Camp |
| 26:26 | Research | Pikeman (upgrade) |
| 26:29 | Research | Squires |
| 26:31 | Create | Villager (Male) |
| 26:32 | Create | Villager (Male) |
| 26:36 | Research | Scale Mail Armor |
| 26:39 | Research | Chain Barding Armor |
| 28:39 | Create | Knight |
| 28:39 | Create | Knight |
Build order — QNA | Apachai Hopachai
First 150 of 279 actions detected
| 0:01 | Create | Villager (Male) |
| 0:01 | Create | Villager (Male) |
| 0:01 | Create | Villager (Male) |
| 0:03 | Build | House |
| 0:05 | Build | House |
| 0:13 | Create | Villager (Male) |
| 0:13 | Create | Villager (Male) |
| 1:25 | Create | Villager (Male) |
| 1:25 | Create | Villager (Male) |
| 1:47 | Create | Villager (Male) |
| 1:47 | Create | Villager (Male) |
| 1:57 | Build | Lumber Camp |
| 2:07 | Create | Villager (Male) |
| 2:07 | Create | Villager (Male) |
| 2:52 | Create | Villager (Male) |
| 2:52 | Create | Villager (Male) |
| 3:14 | Create | Villager (Male) |
| 3:15 | Create | Villager (Male) |
| 3:43 | Create | Villager (Male) |
| 3:43 | Create | Villager (Male) |
| 3:54 | Build | House |
| 4:10 | Create | Villager (Male) |
| 4:11 | Create | Villager (Male) |
| 4:25 | Create | Villager (Male) |
| 4:25 | Create | Villager (Male) |
| 4:46 | Create | Villager (Male) |
| 5:12 | Build | Barracks |
| 5:31 | Create | Villager (Male) |
| 5:49 | Research | Loom |
| 6:10 | Build | House |
| 6:56 | Research | Feudal Age |
| 7:26 | Create | Villager (Male) |
| 7:31 | Create | Militia |
| 7:31 | Create | Militia |
| 7:45 | Create | Militia |
| 8:16 | Build | Mining Camp |
| 8:24 | Create | Militia |
| 9:06 | Age | Feudal Age |
| 9:26 | Create | Villager (Male) |
| 9:26 | Create | Villager (Male) |
| 9:26 | Create | Villager (Male) |
| 9:52 | Create | Spearman |
| 10:02 | Research | Man-at-Arms (upgrade) |
| 10:05 | Build | Palisade Gate |
| 10:51 | Build | Watch Tower |
| 11:13 | Create | Villager (Male) |
| 11:16 | Build | House |
| 11:18 | Build | House |
| 11:54 | Build | Stone Wall |
| 11:57 | Build | Stone Wall |
| 12:11 | Build | Stone Wall |
| 12:35 | Build | Stone Wall |
| 12:48 | Create | Spearman |
| 12:49 | Create | Villager (Male) |
| 12:51 | Build | House |
| 13:12 | Build | Gate |
| 13:28 | Build | Stone Wall |
| 13:45 | Create | Villager (Male) |
| 13:49 | Build | Mill |
| 14:05 | Create | Villager (Male) |
| 14:23 | Create | Villager (Male) |
| 14:26 | Create | Villager (Male) |
| 14:26 | Create | Villager (Male) |
| 14:32 | Build | Gate |
| 14:48 | Build | Outpost |
| 14:50 | Build | Farm |
| 15:12 | Build | Stone Wall |
| 15:37 | Create | Villager (Male) |
| 15:41 | Build | Farm |
| 15:43 | Build | Farm |
| 15:43 | Create | Villager (Male) |
| 16:01 | Build | House |
| 16:08 | Build | House |
| 16:17 | Build | Blacksmith |
| 16:17 | Create | Villager (Male) |
| 16:20 | Build | Farm |
| 16:30 | Create | Villager (Male) |
| 16:30 | Create | Villager (Male) |
| 16:43 | Build | Farm |
| 16:45 | Create | Villager (Male) |
| 16:45 | Create | Villager (Male) |
| 16:53 | Build | Farm |
| 16:58 | Build | Mining Camp |
| 17:15 | Create | Villager (Male) |
| 17:31 | Build | Farm |
| 17:33 | Create | Villager (Male) |
| 17:40 | Research | Double-Bit Axe |
| 17:41 | Research | Horse Collar |
| 17:48 | Create | Villager (Male) |
| 17:48 | Create | Villager (Male) |
| 18:08 | Create | Villager (Male) |
| 18:08 | Create | Villager (Male) |
| 18:14 | Build | Farm |
| 18:19 | Create | Villager (Male) |
| 18:19 | Create | Villager (Male) |
| 18:30 | Create | Villager (Male) |
| 18:30 | Create | Villager (Male) |
| 18:40 | Create | Villager (Male) |
| 19:02 | Create | Villager (Male) |
| 19:02 | Create | Villager (Male) |
| 19:06 | Build | Farm |
| 19:12 | Build | House |
| 19:16 | Create | Villager (Male) |
| 19:16 | Create | Villager (Male) |
| 19:33 | Build | Gate |
| 19:34 | Create | Villager (Male) |
| 19:34 | Create | Villager (Male) |
| 19:44 | Build | House |
| 19:47 | Create | Villager (Male) |
| 19:47 | Create | Villager (Male) |
| 19:50 | Build | Farm |
| 20:02 | Build | Farm |
| 20:03 | Create | Villager (Male) |
| 20:03 | Create | Villager (Male) |
| 20:03 | Create | Villager (Male) |
| 20:31 | Build | House |
| 20:42 | Build | Farm |
| 20:47 | Create | Villager (Male) |
| 20:57 | Build | House |
| 21:04 | Build | Market |
| 21:07 | Create | Villager (Male) |
| 22:29 | Research | Castle Age |
| 24:44 | Create | Villager (Male) |
| 24:59 | Create | Villager (Male) |
| 25:03 | Create | Villager (Male) |
| 25:09 | Age | Castle Age |
| 25:17 | Build | Castle |
| 25:18 | Create | Villager (Male) |
| 25:19 | Create | Villager (Male) |
| 25:19 | Create | Villager (Male) |
| 25:26 | Create | Villager (Male) |
| 25:59 | Create | Villager (Male) |
| 26:01 | Build | Monastery |
| 26:29 | Create | Hussite Wagon |
| 26:29 | Create | Hussite Wagon |
| 26:30 | Create | Hussite Wagon |
| 26:30 | Create | Hussite Wagon |
| 26:35 | Build | Lumber Camp |
| 26:39 | Research | Fervor |
| 26:57 | Research | Bow Saw |
| 27:20 | Research | Heavy Plow |
| 27:23 | Create | Hussite Wagon |
| 27:28 | Create | Villager (Male) |
| 27:45 | Create | Villager (Male) |
| 27:57 | Create | Hussite Wagon |
| 28:05 | Create | Hussite Wagon |
| 28:10 | Create | Villager (Male) |
| 28:32 | Create | Hussite Wagon |
| 28:51 | Build | Gate |
| 28:59 | Create | Hussite Wagon |
Build order — WALLUP | debrijja
First 150 of 374 actions detected
| 0:02 | Create | Villager (Male) ×4 |
| 0:04 | Build | House |
| 0:05 | Build | House |
| 1:25 | Create | Villager (Male) |
| 1:49 | Build | Lumber Camp |
| 2:00 | Create | Villager (Male) |
| 2:14 | Create | Villager (Male) |
| 2:50 | Create | Villager (Male) |
| 3:23 | Create | Villager (Male) |
| 3:24 | Create | Villager (Male) |
| 4:10 | Create | Villager (Male) |
| 4:11 | Create | Villager (Male) |
| 4:11 | Create | Villager (Male) |
| 4:36 | Build | House |
| 4:37 | Research | Loom |
| 4:55 | Create | Villager (Male) |
| 4:58 | Create | Villager (Male) |
| 5:21 | Create | Villager (Male) |
| 5:34 | Create | Villager (Male) |
| 6:04 | Build | Mining Camp |
| 6:08 | Create | Villager (Male) |
| 6:28 | Research | Loom |
| 6:44 | Research | Feudal Age |
| 7:54 | Build | Barracks |
| 7:58 | Create | Villager (Male) |
| 8:28 | Build | House |
| 9:13 | Age | Feudal Age |
| 9:19 | Build | Archery Range |
| 9:38 | Build | Archery Range |
| 9:50 | Build | Palisade Wall |
| 9:52 | Build | Palisade Wall |
| 9:57 | Create | Villager (Male) |
| 10:01 | Build | Blacksmith |
| 10:02 | Build | Blacksmith |
| 10:03 | Create | Villager (Male) |
| 10:12 | Build | House |
| 10:18 | Create | Archer |
| 10:40 | Create | Archer |
| 10:42 | Create | Villager (Male) |
| 11:05 | Create | Archer |
| 11:05 | Create | Archer |
| 11:26 | Build | House |
| 11:51 | Create | Archer |
| 11:51 | Create | Archer |
| 11:52 | Create | Villager (Male) |
| 11:54 | Build | House |
| 11:59 | Research | Fletching |
| 11:59 | Research | Fletching |
| 12:11 | Create | Villager (Male) |
| 12:11 | Create | Villager (Male) |
| 12:28 | Create | Archer |
| 12:28 | Create | Archer |
| 12:45 | Create | Villager (Male) |
| 12:45 | Create | Villager (Male) |
| 12:46 | Build | House |
| 12:47 | Create | Villager (Male) |
| 13:00 | Build | Mill |
| 13:04 | Create | Archer |
| 13:20 | Create | Archer |
| 13:20 | Create | Archer |
| 14:02 | Create | Archer |
| 14:02 | Create | Archer |
| 14:15 | Create | Archer |
| 14:19 | Build | House |
| 14:21 | Build | Farm |
| 14:26 | Build | Farm |
| 14:27 | Create | Villager (Male) |
| 14:27 | Create | Villager (Male) |
| 14:44 | Create | Archer |
| 14:44 | Create | Archer |
| 15:43 | Create | Archer |
| 15:43 | Create | Archer |
| 15:44 | Create | Villager (Male) |
| 15:47 | Build | House |
| 15:48 | Research | Double-Bit Axe |
| 15:54 | Build | Farm |
| 15:56 | Build | Farm |
| 16:19 | Create | Archer |
| 16:19 | Create | Archer |
| 16:20 | Create | Villager (Male) |
| 16:25 | Build | Farm |
| 16:30 | Build | Market |
| 16:32 | Build | Farm |
| 16:33 | Build | Farm |
| 16:33 | Build | Farm |
| 16:33 | Build | Farm |
| 16:33 | Build | Farm |
| 16:34 | Build | Farm |
| 16:34 | Build | Farm |
| 16:36 | Create | Villager (Male) |
| 16:37 | Create | Villager (Male) |
| 16:56 | Create | Villager (Male) |
| 17:19 | Create | Archer |
| 17:19 | Create | Archer |
| 17:20 | Create | Villager (Male) |
| 17:25 | Create | Villager (Male) |
| 17:49 | Create | Archer |
| 17:49 | Create | Archer |
| 17:50 | Create | Villager (Male) |
| 17:56 | Build | House |
| 17:59 | Create | Villager (Male) |
| 18:02 | Build | Farm |
| 18:05 | Build | Farm |
| 18:25 | Build | Gate |
| 18:27 | Build | Stone Wall |
| 18:28 | Build | Stone Wall |
| 18:36 | Build | Stone Wall |
| 18:37 | Build | Stone Wall |
| 18:40 | Create | Archer |
| 18:40 | Create | Archer |
| 18:41 | Create | Villager (Male) |
| 18:48 | Create | Archer |
| 18:48 | Create | Archer |
| 18:48 | Create | Villager (Male) |
| 18:51 | Build | House |
| 19:45 | Create | Archer |
| 19:45 | Create | Archer |
| 19:46 | Create | Villager (Male) |
| 19:56 | Create | Villager (Male) |
| 19:59 | Build | House |
| 20:08 | Build | Farm |
| 20:21 | Create | Archer |
| 20:21 | Create | Archer |
| 20:21 | Create | Villager (Male) |
| 20:38 | Research | Castle Age |
| 20:47 | Build | House |
| 21:03 | Build | Lumber Camp |
| 21:11 | Create | Archer |
| 21:12 | Create | Archer |
| 21:13 | Research | Padded Archer Armor |
| 21:56 | Research | Gold Mining |
| 21:56 | Research | Horse Collar |
| 21:58 | Create | Villager (Male) |
| 22:02 | Build | House |
| 22:03 | Build | House |
| 22:23 | Create | Archer |
| 22:24 | Create | Archer |
| 22:24 | Create | Villager (Male) |
| 23:18 | Age | Castle Age |
| 23:21 | Build | University |
| 23:28 | Research | Crossbowman (upgrade) |
| 23:29 | Research | Bodkin Arrow |
| 23:31 | Create | Villager (Male) |
| 23:52 | Create | Archer |
| 23:53 | Create | Archer |
| 23:53 | Create | Villager (Male) |
| 24:07 | Create | Archer |
| 24:08 | Create | Archer |
| 24:18 | Research | Bow Saw |
| 24:20 | Create | Villager (Male) |
Build order — GG LA LIFE KARIN
First 150 of 328 actions detected
| 0:01 | Create | Villager (Male) ×4 |
| 0:01 | Create | Villager (Male) ×4 |
| 0:02 | Build | House |
| 0:04 | Build | House |
| 1:14 | Create | Villager (Male) |
| 2:02 | Create | Villager (Male) |
| 2:02 | Create | Villager (Male) |
| 2:02 | Create | Villager (Male) |
| 2:15 | Build | House |
| 2:16 | Build | House |
| 2:24 | Build | House |
| 2:25 | Build | House |
| 2:44 | Build | Lumber Camp |
| 2:46 | Create | Villager (Male) |
| 2:46 | Create | Villager (Male) |
| 3:01 | Create | Villager (Male) |
| 3:26 | Create | Villager (Male) |
| 4:00 | Create | Villager (Male) |
| 4:00 | Create | Villager (Male) |
| 4:18 | Create | Villager (Male) |
| 5:13 | Create | Villager (Male) |
| 5:17 | Build | Mill |
| 5:38 | Create | Villager (Male) |
| 5:38 | Create | Villager (Male) |
| 6:33 | Research | Loom |
| 7:02 | Research | Feudal Age |
| 8:01 | Build | Barracks |
| 8:37 | Build | Mining Camp |
| 9:06 | Build | Palisade Gate |
| 9:11 | Create | Villager (Male) |
| 9:16 | Age | Feudal Age |
| 9:19 | Build | Archery Range |
| 9:23 | Build | House |
| 9:24 | Research | Double-Bit Axe |
| 9:25 | Research | Double-Bit Axe |
| 9:28 | Create | Villager (Male) |
| 9:40 | Create | Spearman |
| 9:44 | Create | Villager (Male) |
| 10:12 | Create | Archer |
| 10:19 | Create | Villager (Male) |
| 10:20 | Create | Archer |
| 10:33 | Build | Blacksmith |
| 10:36 | Create | Villager (Male) |
| 10:39 | Build | Farm |
| 10:58 | Create | Villager (Male) |
| 11:01 | Build | Farm |
| 11:10 | Build | Farm |
| 11:15 | Create | Archer |
| 11:25 | Research | Fletching |
| 11:26 | Research | Fletching |
| 11:27 | Build | House |
| 11:31 | Build | Farm |
| 11:48 | Create | Villager (Male) |
| 11:48 | Create | Villager (Male) |
| 11:53 | Build | House |
| 12:00 | Create | Archer |
| 12:14 | Create | Villager (Male) |
| 12:33 | Create | Villager (Male) |
| 12:36 | Create | Archer |
| 12:51 | Create | Archer |
| 12:55 | Build | House |
| 13:00 | Build | Farm |
| 13:03 | Build | Farm |
| 13:05 | Build | Farm |
| 13:06 | Build | Farm |
| 13:12 | Build | Farm |
| 13:13 | Research | Horse Collar |
| 13:24 | Create | Archer |
| 13:44 | Create | Villager (Male) |
| 13:48 | Build | Farm |
| 13:48 | Build | Farm |
| 13:51 | Build | Farm |
| 13:56 | Create | Villager (Male) |
| 14:21 | Create | Villager (Male) |
| 14:23 | Create | Archer |
| 14:37 | Create | Villager (Male) |
| 14:41 | Create | Archer |
| 14:48 | Create | Villager (Male) |
| 15:12 | Create | Archer |
| 15:33 | Build | Stone Wall |
| 15:39 | Build | Gate |
| 15:41 | Create | Villager (Male) |
| 15:55 | Build | House |
| 15:57 | Research | Town Watch |
| 16:12 | Create | Villager (Male) |
| 16:14 | Create | Villager (Male) |
| 16:15 | Build | Farm |
| 16:16 | Build | Farm |
| 16:18 | Build | Farm |
| 16:19 | Build | Farm |
| 16:20 | Build | Farm |
| 16:33 | Create | Villager (Male) |
| 16:40 | Build | Outpost |
| 16:45 | Build | Mining Camp |
| 16:49 | Create | Archer |
| 17:15 | Create | Spearman |
| 17:15 | Create | Spearman |
| 17:20 | Build | Outpost |
| 17:25 | Create | Villager (Male) |
| 17:27 | Create | Villager (Male) |
| 17:30 | Build | Farm |
| 17:31 | Build | Farm |
| 17:33 | Create | Archer |
| 17:38 | Build | House |
| 17:40 | Build | House |
| 17:46 | Build | Palisade Wall |
| 18:13 | Create | Archer |
| 18:14 | Create | Archer |
| 18:30 | Create | Spearman |
| 18:30 | Create | Spearman |
| 18:35 | Create | Villager (Male) |
| 18:56 | Research | Castle Age |
| 18:56 | Research | Castle Age |
| 19:08 | Create | Archer |
| 19:10 | Create | Villager (Male) |
| 19:16 | Research | Gold Mining |
| 19:16 | Research | Gold Mining |
| 19:17 | Research | Gold Mining |
| 19:21 | Build | Lumber Camp |
| 19:26 | Build | Lumber Camp |
| 20:04 | Build | Palisade Wall |
| 20:06 | Build | Palisade Wall |
| 21:36 | Age | Castle Age |
| 21:39 | Research | Bodkin Arrow |
| 21:40 | Research | Crossbowman (upgrade) |
| 21:48 | Create | Villager (Male) |
| 22:00 | Build | Town Center |
| 22:02 | Create | Villager (Male) |
| 22:11 | Build | Siege Workshop |
| 22:15 | Create | Villager (Male) |
| 22:21 | Build | Palisade Wall |
| 22:22 | Build | Palisade Wall |
| 22:27 | Create | Villager (Male) |
| 22:33 | Create | Villager (Male) |
| 22:35 | Create | Archer |
| 22:47 | Create | Villager (Male) |
| 22:52 | Create | Archer |
| 23:00 | Create | Mangonel |
| 23:11 | Build | House |
| 23:31 | Research | Bow Saw |
| 23:31 | Research | Bow Saw |
| 23:32 | Research | Heavy Plow |
| 23:32 | Research | Heavy Plow |
| 23:40 | Create | Villager (Male) |
| 23:44 | Create | Battering Ram |
| 23:53 | Create | Villager (Male) |
| 23:57 | Create | Archer |
| 24:06 | Create | Villager (Male) |
| 24:34 | Create | Villager (Male) |
| 24:39 | Create | Archer |
Build order — WALLUP | Flimby16
First 150 of 271 actions detected
| 0:01 | Create | Villager (Male) |
| 0:02 | Create | Villager (Male) |
| 0:02 | Create | Villager (Male) |
| 0:02 | Create | Villager (Male) |
| 0:02 | Create | Villager (Male) |
| 0:04 | Build | House |
| 0:06 | Build | House |
| 1:26 | Create | Villager (Male) |
| 1:26 | Create | Villager (Male) |
| 2:06 | Create | Villager (Male) |
| 2:06 | Create | Villager (Male) |
| 2:09 | Build | Lumber Camp |
| 2:24 | Create | Villager (Male) |
| 2:24 | Create | Villager (Male) |
| 2:52 | Create | Villager (Male) |
| 2:52 | Create | Villager (Male) |
| 3:19 | Create | Villager (Male) |
| 3:24 | Create | Villager (Male) |
| 3:24 | Create | Villager (Male) |
| 3:52 | Build | House |
| 4:07 | Create | Villager (Male) |
| 4:37 | Build | House |
| 4:52 | Create | Villager (Male) |
| 4:52 | Create | Villager (Male) |
| 4:52 | Create | Villager (Male) |
| 5:08 | Build | Mill |
| 5:19 | Create | Villager (Male) |
| 5:19 | Create | Villager (Male) |
| 5:42 | Create | Villager (Male) |
| 5:44 | Research | Loom |
| 5:55 | Create | Villager (Male) |
| 7:15 | Research | Feudal Age |
| 7:31 | Build | House |
| 8:23 | Build | Barracks |
| 9:32 | Age | Feudal Age |
| 9:33 | Build | Stable |
| 9:56 | Build | Palisade Gate |
| 10:02 | Create | Villager (Male) |
| 10:03 | Create | Villager (Male) |
| 10:16 | Research | Double-Bit Axe |
| 10:29 | Create | Scout Cavalry |
| 10:29 | Create | Scout Cavalry |
| 10:30 | Create | Scout Cavalry |
| 10:41 | Build | Farm |
| 10:55 | Create | Villager (Male) |
| 10:55 | Create | Villager (Male) |
| 10:57 | Build | Farm |
| 11:17 | Build | House |
| 11:22 | Build | Farm |
| 11:24 | Create | Villager (Male) |
| 11:39 | Create | Villager (Male) |
| 11:42 | Create | Scout Cavalry |
| 12:10 | Create | Scout Cavalry |
| 12:14 | Build | House |
| 12:36 | Build | Blacksmith |
| 12:38 | Build | Farm |
| 12:39 | Build | Farm |
| 12:49 | Create | Scout Cavalry |
| 13:07 | Build | House |
| 13:08 | Create | Villager (Male) |
| 13:10 | Create | Villager (Male) |
| 13:11 | Create | Scout Cavalry |
| 13:11 | Create | Scout Cavalry |
| 14:01 | Research | Scale Barding Armor |
| 14:08 | Build | House |
| 14:10 | Build | Farm |
| 14:17 | Build | House |
| 14:21 | Create | Scout Cavalry |
| 14:25 | Build | Farm |
| 14:29 | Build | Farm |
| 14:31 | Build | Farm |
| 14:32 | Build | Farm |
| 14:58 | Research | Forging |
| 15:00 | Build | Farm |
| 15:07 | Build | House |
| 15:42 | Create | Villager (Male) |
| 15:43 | Create | Villager (Male) |
| 15:45 | Build | House |
| 15:54 | Build | Farm |
| 16:45 | Create | Villager (Male) |
| 16:45 | Create | Villager (Male) |
| 16:48 | Build | Farm |
| 16:50 | Build | Farm |
| 16:59 | Build | Stable |
| 17:01 | Create | Villager (Male) |
| 17:01 | Create | Villager (Male) |
| 17:20 | Build | Mining Camp |
| 17:22 | Build | Farm |
| 17:34 | Create | Scout Cavalry |
| 17:34 | Create | Scout Cavalry |
| 18:19 | Build | Farm |
| 18:19 | Build | Farm |
| 18:21 | Create | Villager (Male) |
| 18:54 | Research | Wheelbarrow |
| 19:56 | Research | Castle Age |
| 20:01 | Build | Stable |
| 20:43 | Research | Gold Mining |
| 22:37 | Build | Stable |
| 22:49 | Age | Castle Age |
| 22:53 | Research | Husbandry |
| 22:53 | Create | Knight |
| 22:53 | Create | Knight |
| 22:53 | Create | Knight |
| 22:54 | Create | Knight |
| 22:55 | Create | Villager (Male) |
| 22:55 | Create | Villager (Male) |
| 22:56 | Create | Villager (Male) |
| 23:00 | Research | Chain Barding Armor |
| 23:06 | Build | Town Center |
| 23:12 | Create | Knight |
| 23:51 | Create | Villager (Male) |
| 23:52 | Create | Villager (Male) |
| 23:53 | Create | Knight |
| 23:53 | Create | Knight |
| 24:03 | Create | Knight |
| 24:20 | Create | Villager (Male) |
| 24:21 | Create | Knight |
| 24:47 | Create | Knight |
| 24:56 | Create | Villager (Male) |
| 24:56 | Create | Villager (Male) |
| 25:17 | Create | Knight |
| 25:17 | Create | Knight |
| 25:18 | Create | Villager (Male) |
| 25:24 | Build | House |
| 25:24 | Build | House |
| 25:33 | Create | Knight |
| 25:34 | Create | Knight |
| 26:04 | Create | Knight |
| 26:04 | Create | Knight |
| 26:10 | Create | Villager (Male) |
| 26:11 | Create | Villager (Male) |
| 26:11 | Create | Villager (Male) |
| 26:12 | Create | Villager (Male) |
| 26:18 | Create | Villager (Male) |
| 26:40 | Create | Knight |
| 26:40 | Create | Knight |
| 26:42 | Create | Villager (Male) |
| 26:44 | Build | Farm |
| 26:50 | Create | Villager (Male) |
| 27:21 | Build | Farm |
| 27:33 | Create | Knight |
| 27:33 | Create | Knight |
| 27:35 | Create | Villager (Male) |
| 27:35 | Create | Villager (Male) |
| 27:37 | Build | Farm |
| 28:04 | Create | Villager (Male) |
| 28:04 | Create | Villager (Male) |
| 28:05 | Create | Villager (Male) |
| 28:07 | Build | Farm |
| 28:39 | Create | Knight |
Build order — ValkriaN
First 150 of 357 actions detected
| 0:02 | Build | House |
| 0:04 | Build | House |
| 0:04 | Create | Villager (Male) ×4 |
| 1:27 | Create | Villager (Male) |
| 1:27 | Create | Villager (Male) |
| 2:00 | Build | Lumber Camp |
| 2:16 | Create | Villager (Male) |
| 2:16 | Create | Villager (Male) |
| 2:29 | Create | Villager (Male) |
| 3:11 | Build | House |
| 3:18 | Build | House |
| 3:30 | Build | House |
| 3:31 | Create | Villager (Male) |
| 4:04 | Build | House |
| 4:25 | Create | Villager (Male) |
| 4:25 | Create | Villager (Male) |
| 4:36 | Build | Palisade Gate |
| 5:10 | Create | Villager (Male) |
| 5:15 | Build | House |
| 5:16 | Build | House |
| 5:25 | Create | Villager (Male) |
| 6:37 | Build | House |
| 6:46 | Create | Villager (Male) |
| 6:46 | Create | Villager (Male) |
| 6:56 | Build | Mill |
| 7:28 | Create | Villager (Male) |
| 8:24 | Create | Villager (Male) |
| 8:25 | Create | Villager (Male) |
| 9:02 | Build | Mining Camp |
| 9:04 | Create | Villager (Male) |
| 9:19 | Create | Villager (Male) |
| 9:47 | Create | Villager (Male) |
| 10:23 | Research | Feudal Age |
| 10:52 | Build | Barracks |
| 11:43 | Create | Villager (Male) |
| 11:43 | Create | Villager (Male) |
| 12:40 | Age | Feudal Age |
| 12:46 | Build | Blacksmith |
| 12:48 | Build | Archery Range |
| 13:01 | Build | Archery Range |
| 13:22 | Research | Double-Bit Axe |
| 13:50 | Research | Castle Age |
| 13:50 | Research | Castle Age |
| 14:04 | Build | Archery Range |
| 14:10 | Build | Stable |
| 14:12 | Create | Villager (Male) |
| 14:13 | Create | Villager (Male) |
| 14:59 | Research | Fletching |
| 16:30 | Age | Castle Age |
| 16:32 | Build | Town Center |
| 16:42 | Build | Town Center |
| 16:44 | Create | Villager (Male) |
| 16:52 | Create | Cavalry Archer |
| 16:52 | Create | Cavalry Archer |
| 16:53 | Create | Cavalry Archer |
| 16:53 | Create | Cavalry Archer |
| 17:06 | Build | Farm |
| 17:07 | Build | Farm |
| 17:14 | Research | Bow Saw |
| 17:29 | Create | Villager (Male) |
| 17:32 | Build | Farm |
| 17:48 | Build | Farm |
| 18:00 | Create | Villager (Male) |
| 18:01 | Create | Villager (Male) |
| 18:21 | Build | Farm |
| 18:21 | Build | Farm |
| 18:27 | Build | Farm |
| 18:29 | Build | Farm |
| 18:41 | Build | Farm |
| 18:44 | Create | Villager (Male) |
| 19:00 | Create | Cavalry Archer |
| 19:00 | Create | Cavalry Archer |
| 19:00 | Create | Cavalry Archer |
| 19:00 | Create | Cavalry Archer |
| 19:11 | Build | Farm |
| 19:13 | Build | Farm |
| 19:16 | Build | Farm |
| 19:19 | Create | Villager (Male) |
| 19:20 | Create | Villager (Male) |
| 19:34 | Create | Villager (Male) |
| 19:34 | Create | Villager (Male) |
| 19:49 | Create | Villager (Male) |
| 20:03 | Build | Farm |
| 20:03 | Build | Farm |
| 20:03 | Build | Farm |
| 20:04 | Build | Farm |
| 20:06 | Create | Villager (Male) |
| 20:07 | Create | Villager (Male) |
| 20:10 | Build | Farm |
| 20:11 | Build | Farm |
| 20:18 | Create | Knight |
| 20:21 | Create | Cavalry Archer |
| 20:21 | Create | Cavalry Archer |
| 20:30 | Create | Villager (Male) |
| 20:30 | Create | Villager (Male) |
| 20:33 | Create | Villager (Male) |
| 20:36 | Build | Farm |
| 20:48 | Create | Villager (Male) |
| 21:02 | Build | Farm |
| 21:02 | Build | Farm |
| 21:03 | Build | Farm |
| 21:09 | Create | Villager (Male) |
| 21:09 | Create | Villager (Male) |
| 21:18 | Create | Villager (Male) |
| 21:19 | Create | Villager (Male) |
| 21:24 | Build | House |
| 21:25 | Build | House |
| 21:32 | Research | Loom |
| 21:53 | Research | Husbandry |
| 21:57 | Create | Villager (Male) |
| 21:57 | Create | Villager (Male) |
| 22:01 | Create | Villager (Male) |
| 22:02 | Create | Villager (Male) |
| 22:05 | Build | Farm |
| 22:06 | Build | Farm |
| 22:06 | Build | Farm |
| 22:13 | Build | House |
| 22:17 | Create | Villager (Male) |
| 22:17 | Create | Villager (Male) |
| 22:21 | Create | Cavalry Archer ×4 |
| 22:32 | Create | Villager (Male) |
| 22:32 | Create | Villager (Male) |
| 22:39 | Build | House |
| 22:41 | Create | Villager (Male) |
| 22:41 | Create | Villager (Male) |
| 22:49 | Research | Horse Collar |
| 23:09 | Create | Villager (Male) |
| 23:09 | Create | Villager (Male) |
| 23:09 | Create | Villager (Male) |
| 23:18 | Build | Farm |
| 23:19 | Build | Farm |
| 23:23 | Create | Villager (Male) |
| 23:23 | Create | Villager (Male) |
| 23:28 | Create | Villager (Male) |
| 23:29 | Create | Villager (Male) |
| 23:36 | Create | Villager (Male) |
| 23:36 | Create | Villager (Male) |
| 23:42 | Build | House |
| 23:43 | Build | House |
| 23:44 | Build | House |
| 23:46 | Create | Cavalry Archer |
| 23:47 | Create | Cavalry Archer |
| 24:06 | Create | Villager (Male) |
| 24:07 | Create | Villager (Male) |
| 24:07 | Create | Villager (Male) |
| 24:14 | Build | House |
| 24:15 | Build | House |
| 24:17 | Create | Villager (Male) |
| 24:18 | Create | Villager (Male) |
| 24:18 | Create | Villager (Male) |
Build order — bullmeister
First 150 of 198 actions detected
| 0:00 | Create | Villager (Male) ×4 |
| 0:02 | Build | House |
| 0:03 | Build | House |
| 1:23 | Create | Villager (Male) |
| 1:59 | Create | Villager (Male) |
| 2:02 | Build | Lumber Camp |
| 2:22 | Create | Villager (Male) |
| 2:55 | Create | Villager (Male) |
| 3:15 | Create | Villager (Male) |
| 3:44 | Create | Villager (Male) |
| 3:45 | Create | Villager (Male) |
| 3:55 | Build | House |
| 4:21 | Build | Mill |
| 4:27 | Create | Villager (Male) |
| 4:36 | Build | House |
| 4:46 | Create | Villager (Male) |
| 4:47 | Create | Villager (Male) |
| 5:12 | Build | Palisade Wall |
| 5:17 | Create | Villager (Male) |
| 5:18 | Create | Villager (Male) |
| 6:23 | Create | Villager (Male) |
| 6:23 | Create | Villager (Male) |
| 6:33 | Build | Barracks |
| 6:56 | Create | Villager (Male) |
| 7:02 | Build | House |
| 7:45 | Create | Villager (Male) |
| 8:03 | Build | House |
| 8:16 | Create | Villager (Male) |
| 8:26 | Build | Pasture |
| 8:28 | Create | Villager (Male) |
| 8:37 | Build | House |
| 8:57 | Create | Villager (Male) |
| 9:03 | Build | Pasture |
| 9:12 | Research | Loom |
| 9:13 | Research | Feudal Age |
| 9:28 | Build | Mining Camp |
| 9:52 | Create | Militia |
| 9:53 | Create | Militia |
| 9:54 | Create | Militia |
| 10:18 | Build | Pasture |
| 11:39 | Build | Pasture |
| 12:00 | Create | Villager (Male) |
| 12:01 | Create | Villager (Male) |
| 12:11 | Age | Feudal Age |
| 12:19 | Build | Archery Range |
| 12:25 | Build | Blacksmith |
| 12:43 | Build | House |
| 12:47 | Build | House |
| 12:52 | Build | House |
| 13:25 | Create | Villager (Male) |
| 13:58 | Research | Castle Age |
| 14:11 | Build | Archery Range |
| 14:22 | Research | Double-Bit Axe |
| 15:37 | Build | Stable |
| 15:57 | Research | Fletching |
| 16:04 | Create | Villager (Male) |
| 16:08 | Research | Tech 1014 |
| 16:38 | Age | Castle Age |
| 16:41 | Build | Siege Workshop |
| 16:44 | Create | Villager (Male) |
| 16:51 | Build | Monastery |
| 16:56 | Create | Villager (Male) |
| 16:59 | Build | House |
| 17:20 | Create | Villager (Male) |
| 17:52 | Create | Villager (Male) |
| 17:53 | Create | Scorpion |
| 18:04 | Build | Pasture |
| 18:07 | Create | Villager (Male) |
| 18:19 | Research | Bodkin Arrow |
| 18:20 | Create | Cavalry Archer |
| 18:20 | Create | Cavalry Archer |
| 18:33 | Create | Iron Pagoda |
| 18:38 | Create | Villager (Male) |
| 18:49 | Create | Villager (Male) |
| 18:52 | Build | Pasture |
| 19:04 | Create | Cavalry Archer |
| 19:04 | Create | Cavalry Archer |
| 19:29 | Create | Cavalry Archer |
| 19:30 | Create | Villager (Male) |
| 19:40 | Create | Cavalry Archer |
| 19:45 | Build | House |
| 19:49 | Research | Town Watch |
| 20:07 | Create | Villager (Male) |
| 20:13 | Research | Bow Saw |
| 20:34 | Create | Villager (Male) |
| 20:36 | Create | Cavalry Archer |
| 20:48 | Research | Tech 1013 |
| 20:49 | Create | Villager (Male) |
| 20:53 | Create | Cavalry Archer |
| 21:36 | Create | Scorpion |
| 21:47 | Create | Villager (Male) |
| 21:53 | Build | Pasture |
| 22:22 | Create | Iron Pagoda |
| 23:17 | Create | Villager (Male) |
| 23:27 | Create | Monk |
| 23:35 | Create | Spearman |
| 23:39 | Create | Villager (Male) |
| 24:18 | Create | Villager (Male) |
| 24:29 | Create | Villager (Male) |
| 24:36 | Build | Town Center |
| 24:46 | Create | Villager (Male) |
| 24:46 | Create | Villager (Male) |
| 24:58 | Build | Mill |
| 24:59 | Build | Pasture |
| 24:59 | Build | Pasture |
| 25:00 | Build | Pasture |
| 25:00 | Build | Pasture |
| 25:00 | Build | Pasture |
| 25:00 | Build | Pasture |
| 25:01 | Build | Pasture |
| 25:01 | Build | Pasture |
| 25:01 | Build | Pasture |
| 25:03 | Create | Villager (Male) |
| 25:05 | Create | Cavalry Archer |
| 25:31 | Build | House |
| 25:32 | Create | Villager (Male) |
| 25:32 | Create | Villager (Male) |
| 25:39 | Build | Lumber Camp |
| 25:54 | Build | House |
| 26:11 | Create | Cavalry Archer |
| 26:12 | Create | Cavalry Archer |
| 26:29 | Create | Cavalry Archer |
| 26:31 | Create | Villager (Male) |
| 26:31 | Create | Villager (Male) |
| 26:41 | Create | Villager (Male) |
| 26:41 | Create | Villager (Male) |
| 26:42 | Create | Villager (Male) |
| 26:59 | Create | Villager (Male) |
| 27:00 | Create | Villager (Male) |
| 27:04 | Build | House |
| 27:40 | Build | House |
| 27:53 | Create | Villager (Male) |
| 27:53 | Create | Villager (Male) |
| 27:57 | Build | House |
| 28:08 | Build | Pasture |
| 28:10 | Create | Villager (Male) |
| 28:11 | Create | Villager (Male) |
| 28:11 | Create | Villager (Male) |
| 28:34 | Create | Villager (Male) |
| 28:34 | Create | Villager (Male) |
| 28:36 | Create | Villager (Male) |
| 28:36 | Create | Villager (Male) |
| 29:11 | Create | Villager (Male) |
| 29:11 | Create | Villager (Male) |
| 29:46 | Build | Market |
| 30:09 | Create | Villager (Male) |
| 30:09 | Create | Villager (Male) |
| 30:09 | Create | Villager (Male) |
| 30:37 | Build | Castle |
| 30:46 | Create | Villager (Male) |
Build order — zhimao031003
First 150 of 364 actions detected
| 0:01 | Create | Villager (Male) |
| 0:02 | Build | House |
| 0:03 | Build | House |
| 0:17 | Create | Villager (Male) |
| 0:17 | Create | Villager (Male) |
| 0:17 | Create | Villager (Male) |
| 1:26 | Create | Villager (Male) |
| 1:46 | Build | Lumber Camp |
| 2:01 | Create | Villager (Male) |
| 2:15 | Create | Villager (Male) |
| 2:51 | Create | Villager (Male) |
| 3:09 | Create | Villager (Male) |
| 3:46 | Create | Villager (Male) |
| 3:51 | Build | House |
| 3:56 | Create | Villager (Male) |
| 3:57 | Create | Villager (Male) |
| 4:13 | Build | House |
| 4:40 | Create | Villager (Male) |
| 4:49 | Create | Villager (Male) |
| 4:59 | Create | Villager (Male) |
| 5:20 | Build | Mill |
| 6:25 | Research | Feudal Age |
| 6:25 | Research | Feudal Age |
| 7:03 | Build | Palisade Wall |
| 7:11 | Build | Palisade Wall |
| 7:29 | Create | Villager (Male) |
| 7:33 | Build | Palisade Gate |
| 8:05 | Create | Villager (Male) |
| 8:09 | Build | Palisade Wall |
| 8:35 | Age | Feudal Age |
| 8:36 | Build | Stable |
| 8:40 | Create | Villager (Male) |
| 8:41 | Research | Double-Bit Axe |
| 9:06 | Research | Horse Collar |
| 9:19 | Create | Scout Cavalry |
| 9:19 | Create | Scout Cavalry |
| 9:22 | Create | Villager (Male) |
| 9:37 | Build | House |
| 9:38 | Build | House |
| 9:50 | Create | Villager (Male) |
| 9:53 | Create | Scout Cavalry |
| 9:57 | Build | Farm |
| 10:15 | Create | Villager (Male) |
| 10:20 | Build | Farm |
| 10:38 | Create | Villager (Male) |
| 10:43 | Create | Villager (Male) |
| 10:44 | Build | Farm |
| 10:57 | Create | Villager (Male) |
| 11:11 | Create | Villager (Male) |
| 11:12 | Build | Farm |
| 11:32 | Create | Villager (Male) |
| 11:38 | Build | Farm |
| 11:58 | Build | Farm |
| 12:07 | Build | Farm |
| 12:15 | Build | Mining Camp |
| 12:18 | Build | Lumber Camp |
| 12:26 | Create | Villager (Male) |
| 12:39 | Create | Villager (Male) |
| 12:47 | Build | Farm |
| 13:13 | Build | House |
| 13:21 | Create | Villager (Male) |
| 13:46 | Build | Farm |
| 13:48 | Build | Farm |
| 13:50 | Create | Villager (Male) |
| 14:04 | Build | Farm |
| 14:23 | Create | Villager (Male) |
| 14:33 | Build | Farm |
| 14:35 | Build | Farm |
| 14:38 | Build | Farm |
| 14:40 | Build | Farm |
| 14:42 | Build | Farm |
| 14:45 | Create | Villager (Male) |
| 15:08 | Build | Farm |
| 15:10 | Create | Villager (Male) |
| 15:13 | Build | House |
| 15:14 | Build | House |
| 15:18 | Build | Blacksmith |
| 15:39 | Research | Castle Age |
| 15:41 | Build | Farm |
| 16:11 | Build | Farm |
| 16:13 | Research | Bloodlines |
| 16:21 | Build | Farm |
| 16:26 | Research | Scale Barding Armor |
| 16:26 | Research | Scale Barding Armor |
| 17:21 | Create | Villager (Male) |
| 17:27 | Build | Stable |
| 18:00 | Create | Villager (Male) |
| 18:03 | Research | Gold Mining |
| 18:20 | Age | Castle Age |
| 18:21 | Create | Battle Elephant |
| 18:21 | Create | Battle Elephant |
| 18:30 | Create | Battle Elephant |
| 18:31 | Create | Villager (Male) |
| 18:35 | Build | Town Center |
| 18:43 | Create | Battle Elephant |
| 18:45 | Create | Villager (Male) |
| 18:47 | Research | Forging |
| 18:53 | Build | Town Center |
| 18:57 | Research | Husbandry |
| 19:06 | Create | Villager (Male) |
| 19:08 | Create | Villager (Male) |
| 19:27 | Create | Battle Elephant |
| 19:28 | Create | Villager (Male) |
| 19:30 | Create | Villager (Male) |
| 19:38 | Research | Gold Shaft Mining |
| 19:47 | Create | Villager (Male) |
| 19:53 | Create | Villager (Male) |
| 19:56 | Create | Villager (Male) |
| 20:01 | Create | Battle Elephant |
| 20:13 | Create | Villager (Male) |
| 20:24 | Create | Villager (Male) |
| 20:28 | Create | Battle Elephant |
| 20:41 | Create | Villager (Male) |
| 20:47 | Create | Villager (Male) |
| 20:55 | Create | Battle Elephant |
| 21:02 | Build | Farm |
| 21:03 | Build | Farm |
| 21:03 | Build | Farm |
| 21:03 | Build | Farm |
| 21:15 | Create | Battle Elephant |
| 21:23 | Create | Villager (Male) |
| 21:38 | Create | Battle Elephant |
| 21:49 | Create | Villager (Male) |
| 21:50 | Build | Farm |
| 21:54 | Create | Villager (Male) |
| 22:03 | Create | Villager (Male) |
| 22:08 | Build | Monastery |
| 22:12 | Create | Battle Elephant |
| 22:34 | Create | Battle Elephant |
| 22:34 | Create | Villager (Male) |
| 22:38 | Build | Farm |
| 22:44 | Create | Villager (Male) |
| 22:45 | Build | House |
| 22:46 | Build | House |
| 22:52 | Create | Villager (Male) |
| 22:54 | Research | Loom |
| 22:58 | Build | House |
| 23:00 | Research | Town Watch |
| 23:12 | Create | Battle Elephant |
| 23:13 | Create | Villager (Male) |
| 23:19 | Create | Villager (Male) |
| 23:31 | Create | Villager (Male) |
| 23:33 | Build | House |
| 23:34 | Create | Villager (Male) |
| 23:43 | Create | Villager (Male) |
| 23:51 | Create | Villager (Male) |
| 24:02 | Create | Villager (Male) |
| 24:04 | Create | Monk |
| 24:10 | Create | Villager (Male) |
| 24:11 | Build | House |
Match timeline
| 5:12 | QNA | Apachai Hopachai · first_building Barracks |
| 5:12 | bullmeister · wall_segment Palisade Wall x9 |
| 6:33 | bullmeister · first_building Barracks |
| 7:03 | zhimao031003 · wall_segment Palisade Wall x1 |
| 7:11 | zhimao031003 · wall_segment Palisade Wall x2 |
| 7:54 | WALLUP | debrijja · first_building Barracks |
| 8:01 | GG LA LIFE KARIN · first_building Barracks |
| 8:09 | zhimao031003 · wall_segment Palisade Wall x1 |
| 8:23 | WALLUP | Flimby16 · first_building Barracks |
| 8:35 | zhimao031003 · age_up feudal |
| 8:36 | zhimao031003 · first_building Stable |
| 8:50 | [H] Sir Benedict · wall_segment Palisade Wall x1 |
| 8:51 | [H] Sir Benedict · wall_segment Palisade Wall x1 |
| 8:53 | [H] Sir Benedict · wall_segment Palisade Wall x1 |
| 9:06 | QNA | Apachai Hopachai · age_up feudal |
| 9:13 | WALLUP | debrijja · age_up feudal |
| 9:16 | [H] Sir Benedict · wall_segment Palisade Wall x1 |
| 9:16 | GG LA LIFE KARIN · age_up feudal |
| 9:19 | GG LA LIFE KARIN · first_building Archery Range |
| 9:19 | WALLUP | debrijja · first_building Archery Range |
| 9:22 | [H] Sir Benedict · wall_segment Palisade Wall x1 |
| 9:25 | [H] Sir Benedict · wall_segment Palisade Wall x1 |
| 9:30 | [H] Sir Benedict · wall_segment Palisade Wall x1 |
| 9:32 | WALLUP | Flimby16 · age_up feudal |
| 9:32 | [H] Sir Benedict · wall_segment Palisade Wall x1 |
| 9:33 | WALLUP | Flimby16 · first_building Stable |
| 9:35 | [H] Sir Benedict · wall_segment Palisade Wall x1 |
| 9:50 | WALLUP | debrijja · wall_segment Palisade Wall x1 |
| 9:52 | WALLUP | debrijja · wall_segment Palisade Wall x1 |
| 10:30 | [H] Sir Benedict · first_building Barracks |
| 10:52 | ValkriaN · first_building Barracks |
| 11:08 | [H] Sir Benedict · age_up feudal |
| 11:34 | [H] Sir Benedict · first_building Stable |
| 11:54 | QNA | Apachai Hopachai · wall_segment Stone Wall x7 |
| 11:57 | QNA | Apachai Hopachai · wall_segment Stone Wall x7 |
| 12:11 | bullmeister · age_up feudal |
| 12:11 | QNA | Apachai Hopachai · wall_segment Stone Wall x1 |
| 12:19 | bullmeister · first_building Archery Range |
| 12:28 | [H] Sir Benedict · wall_segment Palisade Wall x1 |
| 12:29 | [H] Sir Benedict · wall_segment Palisade Wall x1 |
| 12:30 | [H] Sir Benedict · wall_segment Palisade Wall x1 |
| 12:32 | [H] Sir Benedict · wall_segment Palisade Wall x1 |
| 12:33 | [H] Sir Benedict · wall_segment Palisade Wall x1 |
| 12:34 | [H] Sir Benedict · wall_segment Palisade Wall x1 |
| 12:35 | [H] Sir Benedict · wall_segment Palisade Wall x1 |
| 12:35 | QNA | Apachai Hopachai · wall_segment Stone Wall x1 |
| 12:40 | ValkriaN · age_up feudal |
| 12:48 | ValkriaN · first_building Archery Range |
| 13:28 | QNA | Apachai Hopachai · wall_segment Stone Wall x1 |
| 14:10 | ValkriaN · first_building Stable |
| 15:12 | QNA | Apachai Hopachai · wall_segment Stone Wall x1 |
| 15:33 | GG LA LIFE KARIN · wall_segment Stone Wall x14 |
| 15:37 | bullmeister · first_building Stable |
| 15:44 | [H] Sir Benedict · age_up castle |
| 16:30 | ValkriaN · age_up castle |
| 16:38 | bullmeister · age_up castle |
| 16:41 | bullmeister · first_building Siege Workshop |
| 16:51 | bullmeister · first_building Monastery |
| 17:46 | GG LA LIFE KARIN · wall_segment Palisade Wall x1 |
| 18:20 | zhimao031003 · age_up castle |
| 18:27 | WALLUP | debrijja · wall_segment Stone Wall x1 |
| 18:28 | WALLUP | debrijja · wall_segment Stone Wall x1 |
| 18:36 | WALLUP | debrijja · wall_segment Stone Wall x1 |
| 18:37 | WALLUP | debrijja · wall_segment Stone Wall x1 |
| 18:53 | [H] Sir Benedict · first_building Monastery |
| 19:51 | WALLUP | debrijja · first_market_buy 100 food |
| 19:52 | WALLUP | debrijja · first_market_sell 100 wood |
| 20:04 | GG LA LIFE KARIN · wall_segment Palisade Wall x1 |
| 20:06 | GG LA LIFE KARIN · wall_segment Palisade Wall x1 |
| 21:36 | GG LA LIFE KARIN · age_up castle |
| 22:08 | zhimao031003 · first_building Monastery |
| 22:11 | GG LA LIFE KARIN · first_building Siege Workshop |
| 22:15 | QNA | Apachai Hopachai · first_market_sell 100 wood |
| 22:16 | QNA | Apachai Hopachai · first_market_buy 100 food |
| 22:21 | GG LA LIFE KARIN · wall_segment Palisade Wall x1 |
| 22:22 | GG LA LIFE KARIN · wall_segment Palisade Wall x1 |
| 22:49 | WALLUP | Flimby16 · age_up castle |
| 23:18 | WALLUP | debrijja · age_up castle |
| 25:09 | QNA | Apachai Hopachai · age_up castle |
| 25:17 | QNA | Apachai Hopachai · first_building Castle |
| 26:01 | QNA | Apachai Hopachai · first_building Monastery |
| 26:33 | ValkriaN · wall_segment Stone Wall x5 |
| 27:00 | ValkriaN · first_building Siege Workshop |
| 27:08 | WALLUP | debrijja · first_building Monastery |
| 30:37 | bullmeister · first_building Castle |
| 30:51 | GG LA LIFE KARIN · first_building Castle |
| 31:17 | zhimao031003 · wall_segment Stone Wall x9 |
| 31:22 | [H] Sir Benedict · first_building Archery Range |
| 31:46 | GG LA LIFE KARIN · wall_segment Stone Wall x4 |
| 32:15 | ValkriaN · first_building Castle |
| 32:37 | ValkriaN · first_building Monastery |
| 33:26 | [H] Sir Benedict · first_building Castle |
| 33:33 | bullmeister · first_market_sell 500 stone |
| 34:01 | GG LA LIFE KARIN · first_market_sell 100 food |
| 34:38 | QNA | Apachai Hopachai · wall_segment Stone Wall x1 |
| 35:08 | WALLUP | Flimby16 · first_building Monastery |
| 35:47 | QNA | Apachai Hopachai · age_up imperial |
| 36:12 | WALLUP | debrijja · first_building Siege Workshop |
| 36:38 | ValkriaN · first_market_sell 500 wood |
| 37:14 | bullmeister · age_up imperial |
| 37:57 | GG LA LIFE KARIN · age_up imperial |
| 39:12 | [H] Sir Benedict · first_building Siege Workshop |
| 39:45 | WALLUP | Flimby16 · age_up imperial |
| 39:55 | ValkriaN · age_up imperial |
| 40:32 | WALLUP | debrijja · age_up imperial |
| 40:32 | QNA | Apachai Hopachai · first_building Siege Workshop |
| 40:48 | [H] Sir Benedict · age_up imperial |
| 40:58 | WALLUP | debrijja · first_building Castle |
| 41:33 | zhimao031003 · age_up imperial |
| 41:53 | WALLUP | Flimby16 · first_building Castle |
| 41:57 | bullmeister · resign |
| 42:11 | zhimao031003 · first_market_buy 100 food |
| 42:13 | zhimao031003 · first_market_sell 100 stone |
[ AI ANALYSIS · 1 CREDIT ]
What really happened in this match?
Wolo.gg analyzes every decision: build order, eco, micro, common mistakes by bracket. Personalized analysis on WhatsApp or Discord in 30 seconds.
Civ guide
Teutons
Perfil
Jugador #809309